 Dungeon Crawl Stone Soup version 0.25-a0-294-gea9b1ad378 (webtiles) character file.

Game seed: 4127312479393972581, levelgen mode: deterministic

1293 kae the Conjurer (level 8, -4/41 HPs)
             Began as a Tengu Fire Elementalist on Dec 12, 2019.
             Was a Follower of Vehumet.
             Shot with an arrow by a centaur (16 damage)
             ... on level 6 of the Dungeon on Dec 19, 2019.
             The game lasted 00:10:37 (8064 turns).

kae the Conjurer (Tengu Fire Elementalist)          Turns: 8064, Time: 00:10:38

Health: -4/41      AC:  3    Str:  6    XL:     8   Next: 56%
Magic:  10/15      EV: 13    Int: 18    God:    Vehumet [*.....]
Gold:   333        SH:  5    Dex: 14    Spells: 7/15 levels left

rFire    . . .     SeeInvis .   y - +4 rapier (holy)
rCold    . . .     Gourm    .   f - +0 buckler
rNeg     . . .     Faith    .   a - +1 robe
rPois    .         Spirit   .   (helmet restricted)
rElec    .         Reflect  .   (no cloak)
rCorr    .         Harm     .   (no gloves)
MR       .....                  (boots unavailable)
Stlth    +++.......             (no amulet)
HPRegen  0.13/turn              q - ring of wizardry
MPRegen  0.14/turn              s - -3 ring of strength (curse)

@: no status effects
A: beak, talons 3, able to fly
a: Fly, Renounce Religion


You were on level 6 of the Dungeon.
You worshipped Vehumet.
Vehumet was aware of your devotion.
You were not hungry.

You visited 2 branches of the dungeon, and saw 7 of its levels.

You collected 333 gold pieces.

Inventory:

Hand Weapons
 y - a +4 rapier of holy wrath (weapon)
Armour
 a - a +1 robe (worn)
 f - a +0 buckler (worn)
Jewellery
 l - an uncursed ring of flight {unknown}
 q - a ring of wizardry (left hand)
 s - a cursed -3 ring of strength (right hand)
 t - a cursed ring of see invisible {unknown}
 w - a cursed +3 ring of strength
Wands
 i - a wand of flame (12)
 k - a wand of disintegration (10)
Scrolls
 e - a scroll of enchant weapon
 j - a scroll of blinking
 n - 3 scrolls of teleportation
 o - a scroll of enchant armour
 u - a scroll of remove curse
Potions
 b - a potion of haste
 d - a potion of might
 g - 3 potions of brilliance
 h - 3 potions of curing
 m - a potion of lignification
 r - a potion of flight
 v - 2 potions of mutation {unknown}
Comestibles
 c - 9 rations


   Skills:
 - Level 3.5 Dodging
 * Level 6.1 Stealth
 + Level 3.0 Shields
 + Level 4.2 Spellcasting
 * Level 7.1 Conjurations
 - Level 4.4 Fire Magic


You had 7 spell levels left.
You knew the following spells:

 Your Spells              Type           Power        Failure   Level  Hunger
a - Foxfire               Conj/Fire      ###.         1%          1    None
b - Conjure Flame         Conj/Fire      ###.....     1%          3    ###....
c - Sticky Flame          Conj/Fire      ###.....     6%          4    ####...

Your spell library contained the following spells:

 Spells                   Type           Power        Failure   Level  Hunger
 Freeze                   Ice            #...         6%          1    None
 Inner Flame              Hex/Fire       ##......     8%          3    ###....
 Fireball                 Conj/Fire      ###.......   16%         5    ######.


Dungeon Overview and Level Annotations

Branches:
Dungeon (6/15)             Temple (1/1) D:5

Altars:
Ashenzari
Cheibriados
Dithmenos
Elyvilon
Fedhas
Kikubaaqudgha
Makhleb
Nemelex Xobeh
Okawaru
Qazlal
Ru
Sif Muna
Trog
Uskayaw
Vehumet
Wu Jian
Xom
Yredelemnul
Zin


Innate Abilities, Weirdness & Mutations

You have a beak for a mouth.
You have claws for feet.
You can fly continuously.


Message History

You conjure some foxfire!
The centaur shoots an arrow.
The arrow closely misses you.
The orc throws a boomerang.
The boomerang closely misses you.
The weapon returns to the orc!
A water moccasin comes into view.
The foxfire hits the centaur.
The centaur is lightly wounded.
Casting: Foxfire (safe; 1% risk of failure)
Confirm with . or Enter, or press ? or * to list all spells.
You conjure some foxfire!
The foxfire hits the centaur.
The centaur is moderately wounded.
The foxfire hits the centaur but does no damage.
The centaur is moderately wounded.
The foxfire hits the centaur.
The centaur is moderately wounded.
The centaur shoots an arrow.
The arrow hits you.
The orc wizard gestures at you while chanting.
The magic dart hits you!
* * * LOW HITPOINT WARNING * * *
The centaur shoots an arrow.
The arrow hits you!
You die...

#..#.#........................##
#..#.#.......#.#.............).#
#...........###.)..##.......).#
#........##.###....##.......... .
#........##..##.<..(...........
..#..v........##....(............
....................#.(..........
......##.#..#†.§...##............
......#..#####§§@..##............
#.......oc(§)(...###..........
##...(.(.S..))...###..........
#)..###..o....##.#.##.....#...
..o.....#.........#.#.....####.#.
.o............#..##....#..# #
..##..##......##.##...##..... .#
#..........#...###..#.###... .o
..............## #.##.. ##


You could see a water moccasin, a centaur, an orc wizard and an orc.

Vanquished Creatures
  Eustachio (D:5)
  A water moccasin (D:5)
  An ice beast (D:6)
  2 centaurs
  A bullfrog (D:3)
  A howler monkey (D:5)
  A crimson imp (D:5)
  3 jellies (D:6)
  A gnoll shaman (D:6)
  An orc wizard (D:4)
  2 orc priests (D:6)
  2 iguanas (D:6)
  Ijyb (D:5)
  3 worker ants
  8 gnolls
  5 adders
  2 oozes
  2 worms
  2 dart slugs
  6 leopard geckos
  22 orcs
  2 ball pythons (D:2)
  12 bats
  5 giant cockroaches
  9 hobgoblins
  16 jackals
  A quokka (D:2)
  9 frilled lizards
  4 goblins
  A jackal skeleton (D:4)
  8 kobolds
  A quokka skeleton (D:4)
  A quokka zombie (D:5)
  18 rats
155 creatures vanquished.

Vanquished Creatures (others)
  367 foxfires
367 creatures vanquished.

Grand Total: 522 creatures vanquished

Notes
Turn   | Place    | Note
-------+----------+-------------------------------------------
     0 | D:1      | kae the Tengu Fire Elementalist began the quest for the
                  | Orb.
     0 | D:1      | Reached XP level 1. HP: 10/10 MP: 4/4
   173 | D:1      | Reached XP level 2. HP: 15/15 MP: 3/6
   589 | D:1      | Reached skill level 2 in Conjurations
   749 | D:1      | Reached XP level 3. HP: 14/19 MP: 5/7
  1341 | D:2      | Found a shimmering altar of Xom.
  1363 | D:2      | Reached XP level 4. HP: 22/24 MP: 5/8
  1809 | D:2      | Found a faded altar of an unknown god.
  1977 | D:2      | Learned a level 3 spell: Conjure Flame
  1982 | D:2      | Learned a level 4 spell: Sticky Flame
  2440 | D:2      | Reached skill level 3 in Conjurations
  2440 | D:2      | Gained mutation: You can fly continuously. [Tengu growth]
  2440 | D:2      | Reached XP level 5. HP: 28/28 MP: 4/10
  3343 | D:3      | Reached XP level 6. HP: 28/32 MP: 7/11
  4123 | D:4      | Found an iron altar of Okawaru.
  4620 | D:4      | Reached skill level 4 in Conjurations
  4829 | D:5      | Entered Level 5 of the Dungeon
  5137 | D:5      | Found a staircase to the Ecumenical Temple.
  5158 | D:5      | Reached skill level 1 in Shields
  5227 | Temple   | Entered the Ecumenical Temple
  5433 | Temple   | Became a worshipper of Vehumet
  5742 | D:5      | Noticed a water moccasin
  5742 | D:5      | Noticed Ijyb
  5756 | D:5      | Killed a water moccasin
  5756 | D:5      | Reached XP level 7. HP: 20/36 MP: 1/13
  6018 | D:5      | Noticed Eustachio
  6345 | D:5      | Reached skill level 5 in Conjurations
  6773 | D:4      | Upgraded the game from 0.25-a0-287-g56a5b49892 to
                  | 0.25-a0-294-gea9b1ad378
  6928 | D:5      | Killed Ijyb
  7347 | D:5      | Killed Eustachio
  7347 | D:5      | Reached skill level 5 in Stealth
  7446 | D:6      | Reached skill level 6 in Conjurations
  7446 | D:6      | Reached XP level 8. HP: 34/41 MP: 14/14
  7549 | D:6      | Found a burning altar of Makhleb.
  7550 | D:6      | Found a shattered altar of Ashenzari.
  7826 | D:6      | Reached * piety under Vehumet
  7826 | D:6      | Offered knowledge of Freeze by Vehumet.
  7852 | D:6      | Reached skill level 7 in Conjurations
  8064 | D:6      | Shot with an arrow by a centaur

Levels and vault maps discovered:
D:1:      erik_arrival_orb_chamber, layout_basic
D:2:      layout_basic, old_standard_altar,
          chequers_ecumenical_altar_simple_redux, kennysheep_pointless_box
D:3:      layout_basic, first_ration
D:4:      layout_gridville, okawaru_metal_pillars_1_2
D:5:      layout_loops_ring, temple_doors_e, uniq_eustachio, uniq_ijyb
D:6:      layout_cave_pools, gammafunk_temple_overflow_statue,
          minmay_stone_trees_large
Temple:   regret_index_temple_sphere_string

Skill      XL: |  1  2  3  4  5  6  7  8 |
---------------+-------------------------+-----
Conjurations   | 2 3 4 6 7 |  7.1
Dodging        | 3 |  3.5
Fire Magic     | 4 |  4.4
Stealth        | 3 4 5 6 |  6.1
Spellcasting   | 3 4 |  4.2
Shields        | 1 2 3 |  3.0

Action                   |  1- 3 |  4- 6 |  7- 9 || total
-------------------------+-------+-------+-------++-------
Melee: Unarmed           |    37 |   114 |    73 ||   224
       Kick              |     6 |    23 |    23 ||    52
       Peck              |     1 |    14 |    13 ||    28
       Rapier            |       |       |    15 ||    15
 Cast: Foxfire           |    48 |   114 |    59 ||   221
       Sticky Flame      |       |     5 |    10 ||    15
  Use: Scroll            |     2 |     8 |     2 ||    12
       Potion            |       |     5 |     2 ||     7
 Stab: Sleeping          |       |     2 |     1 ||     3
  Eat: Chunk             |     2 |    13 |     5 ||    20
       Ration            |       |     1 |     1 ||     2
Armor: Robe              |     9 |    35 |    17 ||    61
       Skin              |       |     6 |       ||     6
Dodge: Dodged            |    34 |   125 |    74 ||   233
Block: Buckler           |       |     9 |    33 ||    42

Table legend:
 A = Non-vault XP
 B = Vault XP
 C = Vault XP percentage of total XP
 D = Non-vault monster count
 E = Vault monster count
 F = Vault count percentage of total count
                 A         B        C        D         E       F
            +---------+---------+-------+---------+---------+-------
      Total |    1597 |     251 |  13.6 |     141 |      14 |   9.0
            +---------+---------+-------+---------+---------+-------
        D:1 |      33 |      12 |  26.7 |      20 |      12 |  37.5
        D:2 |     151 |       0 |   0.0 |      42 |       0 |   0.0
        D:3 |     176 |       0 |   0.0 |      29 |       0 |   0.0
        D:4 |     111 |       0 |   0.0 |      15 |       0 |   0.0
        D:5 |     468 |     239 |  33.8 |      17 |       2 |  10.5
        D:6 |     658 |       0 |   0.0 |      18 |       0 |   0.0
            +---------+---------+-------+---------+---------+-------
